 Dungeon Crawl Stone Soup version 0.19-a0-1637-gfc13266 (webtiles) character file.

836387 TheGoonsmith the Invulnerable (level 27, -12/258 HPs)
             Began as a Hill Orc Monk on Sept 19, 2016.
             Was the Champion of the Shining One.
             Killed from afar by a Hell Sentinel (25 damage)
             ... with damnation
             ... in Pandemonium.
             The game lasted 04:45:52 (101731 turns).

TheGoonsmith the Invulnerable (Hill Orc Monk)     Turns: 101731, Time: 04:45:52

Health: -12/258    AC: 45    Str: 25    XL:     27
Magic:  18/40      EV: 25    Int: 12    God:    the Shining One [******]
Gold:   5050       SH:  0    Dex: 26    Spells: 5 memorised, 16 levels left

rFire  + . .     SeeInvis .     j - +10 arbalest "Joekiutry" {penet, rN+}
rCold  + + .     Gourm    .     D - +9 plate armour of the Sun {rC+ Str+4 Slay+2}
rNeg   + + +     Faith    +     (shield currently unavailable)
rPois  +         Spirit   .     J - -2 hat of the Alchemist {rElec rPois rF+ rC+ rN+ MR+ rMut rCorr}
rElec  +         Dismiss  .     p - +2 cloak {rPois}
rCorr  +         Reflect  .     F - +2 pair of gloves
rMut   +         Harm     .     K - +2 pair of boots
MR     ++++.                    m - amulet of faith
Stlth  ..........               M - ring "Uxu Reit" {rPois EV+3 Dex+5 Slay+2 Stlth-}
                                G - ring of Reimbursement {*Drain MR+ AC+4 Int+2 Dex+2}

@: glowing
A: blurry vision 1
a: Divine Shield, Cleansing Flame, Summon Divine Warrior, Brand Weapon With Holy
Wrath, Renounce Religion
}: 7/15 runes: decaying, slimy, silver, golden, abyssal, demonic, gossamer


You were in Pandemonium.
You worshipped the Shining One.
The Shining One was exalted by your worship.
You were hungry.

You visited 12 branches of the dungeon, and saw 56 of its levels.
You visited Pandemonium 1 time, and saw 4 of its levels.
You visited the Abyss 1 time.
You also visited: Labyrinth, Ice Cave and Wizlab.

You collected 13318 gold pieces.
You spent 8268 gold pieces at shops.

Inventory:

Hand Weapons
 a - the +8 mithril axe "Arga" {speed, MR+}
   (You took it off a deep elf demonologist on level 3 of the Elven Halls)

   Attacks with this weapon are significantly faster.
   It affects your resistance to hostile enchantments.
 j - the +10 arbalest "Joekiutry" (weapon) {penet, rN+}
   (You found it on level 5 of the Pits of Slime)

   Ammo fired by it will pass through the targets it hits, potentially hitting
   all targets in its path until it reaches maximum range.
   It protects you from negative energy.
 l - a +2 triple sword of electrocution
Missiles
 d - 2020 bolts (quivered)
 x - 2 throwing nets
Armour
 p - a +2 cloak of poison resistance (worn)
 D - the +9 plate armour of the Sun (worn) {rC+ Str+4 Slay+2}
   (You found it on level 13 of the Dungeon)

   It affects your strength (+4).
   It affects your accuracy and damage with ranged weapons and melee attacks
   (+2).
   It protects you from cold.
 F - a +2 pair of gloves (worn)
 I - a +5 shield of reflection
 J - the -2 hat of the Alchemist (worn) {rElec rPois rF+ rC+ rN+ MR+ rMut rCorr}
   (You bought it in a shop on level 9 of the Dungeon)

   It protects you from fire.
   It protects you from cold.
   It insulates you from electricity.
   It protects you from poison.
   It protects you from negative energy.
   It affects your resistance to hostile enchantments.
   It protects you from acid and corrosion.
   It protects you from mutation.
 K - a +2 pair of boots (worn)
Jewellery
 m - an amulet of faith (around neck)
 G - the ring of Reimbursement (left hand) {*Drain MR+ AC+4 Int+2 Dex+2}
   (You found it on level 3 of the Tomb of the Ancients)

   [ring of protection]

   It affects your AC (+4).
   It affects your intelligence (+2).
   It affects your dexterity (+2).
   It affects your resistance to hostile enchantments.
   It causes draining when unequipped.
 M - the ring "Uxu Reit" (right hand) {rPois EV+3 Dex+5 Slay+2 Stlth-}
   (You found it on level 3 of the Elven Halls)

   [ring of evasion]

   It affects your evasion (+3).
   It affects your dexterity (+5).
   It affects your accuracy and damage with ranged weapons and melee attacks
   (+2).
   It protects you from poison.
   It makes you less stealthy.
 W - an uncursed ring of see invisible
Wands
 o - a wand of paralysis (14/24)
 s - a wand of hasting (6/9)
 y - a wand of teleportation (2/9)
 P - a wand of teleportation (4/9)
 U - a wand of digging (8/24)
Scrolls
 b - 11 scrolls of magic mapping
 e - 12 scrolls of blinking
 g - 14 scrolls of fog
 i - 24 scrolls of remove curse
 q - 18 scrolls of teleportation
 r - 14 scrolls of identify
 L - 3 scrolls of summoning
 Y - 7 scrolls of fear
 Z - 8 scrolls of recharging
Potions
 f - 5 potions of resistance
 h - 11 potions of flight
 k - 14 potions of curing
 u - 5 potions of magic
 w - 9 potions of agility
 A - 5 potions of might
 B - 2 potions of cure mutation
 N - 5 potions of cancellation
 O - 8 potions of haste
Miscellaneous
 n - 2 boxes of beasts
 t - 2 phantom mirrors
 v - a lamp of fire
 z - a fan of gales
 C - a lamp of fire
Comestibles
 c - 13 bread rations
 E - a slice of pizza
 Q - a meat ration
 R - a royal jelly
 S - 18 beef jerkies
 V - 23 fruits


   Skills:
 - Level 23.3 Fighting
 - Level 17.2 Long Blades
 - Level 14.5(18.1) Axes
   Level 15.6(17.1) Maces & Flails
 - Level 18.4 Crossbows
 O Level 27 Armour
 - Level 16.1 Dodging
 - Level 1.5 Stealth
 - Level 15.0 Shields
 + Level 5.5 Spellcasting
 + Level 6.5 Charms
 - Level 26.5 Invocations


You had 16 spell levels left.
You knew the following spells:

 Your Spells              Type           Power        Failure   Level  Hunger
a - Silence               Hex/Air        #.........   100%        5    ######.
b - Deflect Missiles      Chrm/Air       ##........   100%        6    #######
c - Blink                 Tloc           N/A          91%         2    ##.....
d - Repel Missiles        Chrm/Air       ##....       28%         2    ##.....
e - Haste                 Chrm           ###.....     100%        6    #######


Dungeon Overview and Level Annotations

Branches:
Dungeon (15/15)            Temple (1/1) D:4            Lair (6/6) D:11
  Swamp (4/4) Lair:2       Spider (4/4) Lair:2        Slime (5/5) Lair:5
    Orc (2/2) D:9             Elf (3/3) Orc:2        Vaults (5/5) D:13
  Crypt (3/3) Vaults:3       Tomb (3/3) Crypt:3      Depths (5/5) D:15
    Zot (0/5) Depths:5

Altars:
Ashenzari
Cheibriados
Dithmenos
Elyvilon
Fedhas
Gozag
Hepliaklqana
Kikubaaqudgha
Makhleb
Nemelex Xobeh
Okawaru
Qazlal
Ru
Sif Muna
Trog
Uskayaw
Vehumet
Xom
Yredelemnul
Zin
The Shining One
Beogh
Jiyva

Shops:
D:9 [   D:12 (   D:15 (   Orc:1 (   Orc:2 *[(=   Elf:1 %   Elf:3 (![
Vaults:3 *%[!   Vaults:4 :   Depths:3 *   Depths:5 [:%

Portals:
Hell: Depths:1 Depths:2 Depths:3 Depths:4 Depths:5
Abyss: Depths:3 Depths:4
Pandemonium: Depths:3
Ziggurat: Depths:5

Annotations:
Elf:3 7 exclusions
Vaults:5 7 exclusions
Tomb:1 1 exclusion
Tomb:3 1 exclusion
Depths:2 1 exclusion
Pan exclusion: 5 eyes of draining


Innate Abilities, Weirdness & Mutations

Scrolls take you a little longer to read.


Message History

The Hell Sentinel is heavily wounded.
You feel somewhat more hungry. The Hell Sentinel gestures at you.
The sphere of damnation explodes!
The damnation engulfs you!
* * * LOW HITPOINT WARNING * * *
The damnation engulfs the Hell Sentinel.
The Hell Sentinel completely resists.
The damnation engulfs the Hell Sentinel.
The Hell Sentinel completely resists.
Firing (i - inventory. (,) - cycle):
d - 2020 bolts (quivered)
Press: ? - help, Shift-Dir - straight line, f - Hell Sentinel, p - Hell Sentinel
Aim: a Hell Sentinel (almost dead, haloed)
Okay, then.
Okay, then.
Really read with blurry vision while enemies are nearby?
Okay, then.
You feel better. The Hell Sentinel gestures at you.
The sphere of damnation explodes!
The damnation engulfs you!
You die...

..........# #.#
...........# .....#
#...........# ......
.#........... ...... .
....(.........##......#
##............#.#.......##
##....(......(##..(......#
##.......(...1#1.........#
##.....(.....1.#@........#
#...........##1.........##
#....(......##...........#
###...(.....###...........#
##..#.......##............#
.....##.....##............#
.....#########............#
..#.####∩### #.......(....#
..#..#.....###...........##


You could see 2 Hell Sentinels.

Vanquished Creatures
  3 ancient liches (Vaults:5)
  Khufu (Crypt:2)
  Mennas (Depths:5)
  A juggernaut (Depths:5)
  Mara (Depths:3)
  38 greater mummies
  Margery (Vaults:4)
  Frederick (Vaults:2)
  the Lernaean hydra (Swamp:4)
  Jory (Depths:5)
  4 golden dragons
  Nikola (Vaults:1)
  the Enchantress (Depths:3)
  3 pandemonium lords (Pan)
  Arachne (Spider:2)
  A shard shrike zombie (Crypt:1)
  5 Brimstone Fiends (Pan)
  A Tzitzimitl (Pan)
  A hellephant (Vaults:4)
  3 Hell Sentinels (Pan)
  6 tentacled monstrosities
  3 titans (Vaults:5)
  13 liches
  2 deep elf blademasters
  Asterion (D:15)
  15 acid blobs
  A deep elf master archer (Elf:3)
  4 Executioners
  3 tentacled starspawn
  An acid blob (shapeshifter) (Depths:2)
  A death cob (Swamp:3)
  Kirke (Spider:2)
  4 ancient champions
  7 revenants
  18 sphinxes
  6 shadow dragons
  A draconian monk (Depths:5)
  10 azure jellies
  9 tengu reavers
  6 storm dragons
  10 fire giants
  17 frost giants
  Aizul (Spider:2)
  5 deep elf sorcerers
  9 ghost moths
  17 vault wardens
  4 balrugs (Pan)
  4 curse skulls
  4 iron dragons
  An orc warlord (Vaults:4)
  A juggernaut zombie (Crypt:3)
  A caustic shrike zombie (Depths:4)
  2 iron dragons (shapeshifter) (Depths:2)
  24 large abominations
  A draconian annihilator (Depths:2)
  4 deep elf elementalists (Elf:3)
  A chaos champion (Pan)
  3 angels
  A draconian scorcher (Abyss:1)
  19 stone giants
  17 ironheart preservers
  3 cacodemons
  18 very ugly things
  6 emperor scorpions
  4 reapers
  3 warmongers (Pan)
  11 war gargoyles
  4 spriggan defenders (Depths:3)
  4 ghouls
  2 blood saints (Pan)
  2 corrupters (Pan)
  11 deep elf demonologists
  3 entropy weavers
  4 bennus
  A black draconian (Depths:5)
  6 vampire knights
  A yellow draconian (Depths:5)
  Azrael (Elf:2)
  10 deep elf annihilators
  9 lorocyprocas
  4 black suns (Pan)
  16 purple draconians
  2 dire elephants
  A spark wasp (shapeshifter) (Elf:1)
  8 spark wasps
  3 green deaths (Pan)
  5 eidola
  2 crystal guardians (Depths:2)
  15 ettins
  9 statues (WizLab)
  5 blizzard demons
  2 merfolk impalers (Depths:3)
  11 death oozes (Slime:5)
  A merfolk javelineer (Depths:3)
  7 deep elf death magi
  11 fire dragons
  Snorg (D:11)
  29 mummy priests
  3 quicksilver dragon zombies
  2 minotaurs
  Erolcha (D:13)
  3 deep elf high priests
  7 jiangshi
  14 hydras
  Fannar (Orc:1)
  9 great orbs of eyes
  19 yaktaur captains
  6 rakshasas
  26 vault guards
  7 spriggan air magi
  9 ice dragons
  2 spectral shadow dragons (Crypt:3)
  A hell beast (Pan)
  3 monstrous demonspawn (Pan)
  A ghost crab (shapeshifter) (Depths:3)
  9 centaur warriors
  3 merfolk avatars (Swamp:4)
  4 death knights
  46 death scarabs
  A satyr (Vaults:1)
  11 deep troll shamans
  28 dancing weapons
  6 tengu warriors
  2 titan zombies
  8 ogre magi
  8 alligators
  The ghost of PurpleRed the Basher, a novice OgBe of Trog (Lair:1)
  2 death yaks
  9 deep troll earth magi
  2 orc high priests (Orc:2)
  2 storm dragon zombies
  3 spriggan berserkers (Depths:5)
  8 vampire magi
  2 shock serpents
  20 thrashing horrors
  18 soul eaters (Pan)
  20 sun demons
  4 iron trolls
  4 sixfirhies
  23 deep elf knights
  8 hell knights
  13 skeletal warriors
  2 wretched stars
  The ghost of TheGoonsmith the Slicer, a novice VSFi of Uskayaw (D:10)
  A spatial maelstrom (Abyss:3)
  A fire crab (Lair:5)
  11 small abominations
  A sea snake (Vaults:1)
  2 titan skeletons
  An entropy weaver zombie (Crypt:2)
  17 shadow wraiths
  2 anaconda zombies (Crypt:1)
  2 gelid demonspawn (Pan)
  9 flayed ghosts
  4 unseen horrors
  2 infernal demonspawn (Pan)
  2 storm dragon skeletons
  A shambling mangrove (Swamp:3)
  An unseen horror (shapeshifter) (Vaults:4)
  A spriggan druid (Swamp:3)
  14 deep elf archers
  8 swamp dragons
  2 sea snakes (shapeshifter)
  10 shadow demons
  A death drake (Abyss:3)
  A swamp dragon (shapeshifter) (Depths:2)
  23 phantasmal warriors
  15 orb spiders
  8 glowing orange brains
  18 ironbrand convokers
  A lindwurm (Lair:6)
  A torturous demonspawn (Pan)
  31 deep trolls
  A harpy (shapeshifter) (D:13)
  3 putrid demonspawn (Pan)
  A shadow dragon zombie (Vaults:4)
  12 necromancers
  A wolf spider zombie (Crypt:1)
  A harpy (Vaults:1)
  8 orc knights
  3 wizards
  91 deep elf magi
  4 hill giants
  A mana viper (shapeshifter) (Depths:2)
  An iron dragon zombie (Tomb:1)
  2 mana vipers
  2 manticores
  27 wolf spiders
  2 fauns (shapeshifter)
  40 ugly things
  2 orc sorcerers
  A salamander (Vaults:1)
  2 stone giant zombies
  4 cyclopes
  11 hornets
  10 elephants
  5 shining eyes
  A faun (Vaults:1)
  A moth of wrath (shapeshifter) (Depths:2)
  7 centaur zombies
  2 fire giant zombies (Vaults:5)
  An iron dragon skeleton (Crypt:1)
  A fire giant skeleton (Crypt:3)
  A guardian serpent (shapeshifter) (Depths:4)
  A moth of wrath (Swamp:3)
  7 black mambas
  A stone giant skeleton (Abyss:2)
  3 torpor snails
  2 ice statues (IceCv)
  An apocalypse crab (Abyss:1)
  A spiny frog (shapeshifter) (Vaults:1)
  A dire elephant zombie (Crypt:1)
  14 vault sentinels
  A water nymph (Swamp:4)
  3 orange demons (Pan)
  2 rust devils (Pan)
  12 smoke demons
  2 hellions (Pan)
  5 gargoyles
  3 eyes of devastation
  21 spiny frogs
  38 yaktaurs
  An alligator snapping turtle skeleton (Crypt:2)
  6 tormentors (Pan)
  An ice devil (Depths:3)
  5 rime drakes
  23 freezing wraiths
  A green draconian skeleton (Crypt:1)
  7 demonic crawlers
  13 komodo dragons
  An anaconda simulacrum (Depths:2)
  2 ancient zymes (Abyss:5)
  2 hellwings
  7 red devils
  A queen bee (shapeshifter) (Depths:4)
  A tengu conjurer (Depths:3)
  A meliai (D:13)
  11 trolls
  51 guardian mummies
  The ghost of PurpleRed the Conjurer, a novice KoCj (D:7)
  A meliai (shapeshifter) (Vaults:3)
  A white draconian skeleton (Crypt:2)
  A shadow dragon simulacrum (Depths:1)
  25 jumping spiders
  A purple draconian skeleton (Crypt:1)
  A silent spectre (Abyss:3)
  5 tyrant leeches
  2 queen bees
  2 polar bears
  10 two-headed ogres
  16 blink frogs
  6 dream sheep
  A dream sheep (shapeshifter) (Vaults:5)
  An alligator zombie (Crypt:3)
  15 bog bodies
  7 raiju
  A blink frog (shapeshifter) (Vaults:5)
  10 hippogriffs
  A meliai zombie (D:13)
  A stone giant simulacrum (Vaults:2)
  54 slime creatures
  A snapping turtle (Swamp:4)
  6 boulder beetles
  4 minotaur skeletons
  3 ettin skeletons
  2 ice dragon zombies
  A fire giant simulacrum (Depths:4)
  11 shadows
  A satyr skeleton (Crypt:2)
  20 tarantellas
  8 water elementals
  69 redbacks
  31 flying skulls
  22 ynoxinuls
  An ice dragon skeleton (Crypt:1)
  11 air elementals
  9 spriggans
  13 wraiths
  3 fire elementals (Elf:2)
  44 yaks
  6 wyverns
  12 basilisks
  A human (Vaults:1)
  33 ushabtiu
  10 hungry ghosts
  A golden eye (Slime:5)
  3 hogs
  3 fire bats (Abyss:5)
  23 chaos spawn
  5 steam dragons
  5 neqoxecs
  24 vampire mosquitoes
  5 mottled dragons
  Menkaure (D:5)
  11 insubstantial wisps
  17 swamp worms
  A warg (shapeshifter) (Vaults:2)
  6 wargs
  19 water moccasins
  A faun skeleton (Crypt:1)
  4 hell hounds
  4 soldier ants
  2 water moccasins (shapeshifter)
  An infernal demonspawn skeleton (Crypt:1)
  A hell hound (shapeshifter) (Abyss:5)
  A porcupine (shapeshifter) (Depths:5)
  5 porcupines
  A putrid demonspawn skeleton (Crypt:3)
  An orb spider zombie (Crypt:1)
  5 floating eyes
  2 human skeletons
  35 orc warriors
  An ice beast (shapeshifter) (Depths:3)
  A spiny frog skeleton (Crypt:1)
  5 eyes of draining
  An alligator simulacrum (Abyss:5)
  An eye of draining (shapeshifter) (D:13)
  2 black bears
  11 wasps
  4 necrophages
  12 swamp drakes
  3 sky beasts
  30 ogres
  A phantom (D:4)
  13 boggarts
  6 ice beasts
  18 wolves
  A boggart (shapeshifter) (Elf:1)
  16 centaurs
  A lindwurm skeleton (Crypt:2)
  19 crocodiles
  A big kobold (shapeshifter) (Depths:1)
  2 big kobolds
  21 bullfrogs
  8 earth elementals
  An elf zombie (Crypt:3)
  A hell hound zombie (Crypt:3)
  2 scorpions
  A killer bee (shapeshifter) (Abyss:5)
  A polar bear zombie (Crypt:3)
  25 killer bees (Lair:5)
  17 wights
  3 electric eels
  7 howler monkeys
  4 lava snakes (Lab)
  6 crimson imps
  3 human zombies (Crypt:3)
  10 starcursed masses
  2 human simulacra
  3 quasits
  Crazy Yiuf (D:5)
  2 bullfrog zombies
  5 jellies
  17 orc priests
  2 hounds (D:6)
  22 orc wizards
  A bullfrog skeleton (D:12)
  6 centaur skeletons
  Ijyb (D:4)
  15 iguanas
  Terence (D:3)
  14 worker ants
  Natasha (twice) (D:2)
  A hell rat (Orc:2)
  A felid zombie (Crypt:2)
  An ogre zombie (Crypt:2)
  A hound skeleton (D:4)
  78 mummies
  A hell rat zombie (Crypt:3)
  2 worker ant zombies
  5 gnolls
  10 adders
  An ogre simulacrum (Crypt:2)
  29 river rats
  A swamp drake skeleton (Crypt:1)
  2 shadow imps
  2 ufetubi
  4 oozes
  4 adder zombies
  An adder skeleton (D:4)
  3 worms
  A dart slug (shapeshifter) (Depths:2)
  A dart slug (D:1)
  7 leopard geckos
  70 orcs
  4 giant cockroaches
  18 goblins
  5 hobgoblins
  5 jackals
  19 kobolds
  4 quokkas
  7 bats
  4 frilled lizards
  A gnoll skeleton (Crypt:1)
  2 jackal skeletons
  2 jackal zombies
  A kobold zombie (Crypt:1)
  A leopard gecko zombie (D:6)
  An orc zombie (Crypt:3)
  21 rats
  2 crawling corpses (Vaults:5)
  A fungus (Swamp:4)
  A lurking horror (Abyss:5)
  3 plants
  5 starspawn tentacles
2995 creatures vanquished.

Vanquished Creatures (collateral kills)
  A greater mummy (Tomb:1)
  Saint Roka (Depths:2)
  Jorgrun (Swamp:2)
  A pandemonium lord (Pan)
  A Hell Sentinel (Pan)
  A lich (Vaults:4)
  A quicksilver dragon (Vaults:4)
  A titan (Vaults:5)
  A deep elf blademaster (Elf:3)
  Donald (Swamp:1)
  Agnes (Spider:2)
  A sphinx (Vaults:2)
  A thorn hunter (Swamp:1)
  A draconian monk (Depths:5)
  A frost giant (Depths:5)
  A fire giant (Depths:2)
  A ghost moth (Spider:4)
  3 vault wardens
  An orc warlord (Orc:2)
  A very ugly thing (Depths:5)
  2 emperor scorpions
  A war gargoyle (Vaults:4)
  2 entropy weavers
  4 stone giants
  2 ironheart preservers
  2 bennus (Tomb:3)
  A chaos champion (Pan)
  A white draconian (Depths:5)
  A mummy priest (Tomb:3)
  7 vault guards
  6 hydras
  2 spriggan air magi (Depths:5)
  A merfolk avatar (Swamp:4)
  A centaur warrior (Depths:1)
  3 dancing weapons (Elf:2)
  A deep troll shaman (Depths:5)
  6 death yaks
  2 deep troll earth magi
  A vampire mage (Depths:4)
  An orc high priest (Orc:2)
  4 soul eaters (Pan)
  A sixfirhy (Pan)
  4 sun demons (Pan)
  7 hell knights
  A deep elf knight (Elf:2)
  3 deep trolls
  A glowing orange brain (Depths:5)
  5 swamp dragons
  A flayed ghost (Vaults:3)
  A lindwurm (Lair:5)
  A harpy (Vaults:1)
  A wizard (Depths:1)
  A necromancer (Depths:5)
  4 deep elf magi
  4 orc knights
  4 ironbrand convokers
  8 orb spiders
  5 wolf spiders
  2 orc sorcerers
  14 ugly things
  A manticore (Lair:6)
  A hornet (Spider:4)
  2 elephants
  A black mamba (Lair:5)
  An eye of devastation (Spider:4)
  A smoke demon (Pan)
  5 vault sentinels
  A spiny frog (Swamp:2)
  A gargoyle (Lab)
  3 yaktaurs
  4 demonic crawlers
  2 guardian mummies (Tomb:3)
  2 komodo dragons (Lair:5)
  2 trolls
  14 jumping spiders
  A two-headed ogre (Lair:2)
  5 meliai
  5 bog bodies
  2 boulder beetles
  4 blink frogs
  A hippogriff (Lair:3)
  A flying skull (Vaults:3)
  4 tarantellas
  Sigmund (D:5)
  A wraith (Vaults:3)
  A yak (Lair:5)
  An air elemental (Depths:5)
  14 redbacks
  9 ushabtiu (Tomb:3)
  A human (Lair:2)
  3 wargs
  4 insubstantial wisps (Swamp:2)
  2 swamp worms
  A water moccasin (Lair:2)
  2 porcupines (Lair:3)
  A black bear (Lair:2)
  A spiny frog skeleton (Tomb:3)
  5 ice beasts (IceCv)
  22 orc warriors
  3 swamp drakes
  2 wasps (Swamp:2)
  An ogre (Orc:2)
  A wolf (Lair:3)
  4 killer bees (Lair:5)
  5 electric eels
  6 orc priests
  7 orc wizards
  A mummy (Tomb:3)
  2 gnolls (D:5)
  17 orcs
  6 fungi
  2 plants
331 creatures vanquished.

Vanquished Creatures (others)
  Sojobo (Crypt:1)
  A lich (Tomb:1)
  A deep elf master archer (Elf:3)
  An ancient champion (Tomb:2)
  A shadow dragon (Vaults:5)
  A tengu reaver (Crypt:1)
  A sphinx (Vaults:5)
  A revenant (Tomb:2)
  An azure jelly (Slime:5)
  An emperor scorpion (Spider:4)
  3 ironheart preservers
  2 spriggan defenders (Depths:3)
  A war gargoyle (Vaults:5)
  A deep elf elementalist (Elf:3)
  An entropy weaver (Vaults:1)
  A very ugly thing (Depths:3)
  A lorocyproca (Depths:2)
  A deep elf annihilator (Elf:3)
  4 yaktaur captains
  A hydra (Swamp:2)
  A merfolk avatar (Swamp:4)
  A vault guard (Vaults:5)
  A spriggan air mage (Depths:3)
  An ogre mage (Vaults:1)
  A deep troll shaman (Depths:4)
  27 death scarabs (Tomb:2)
  A tengu warrior (Depths:3)
  A vampire mage (Vaults:3)
  A sun demon (Pan)
  A storm dragon skeleton (Tomb:2)
  A deep troll (Depths:3)
  2 ironbrand convokers (Vaults:1)
  A hill giant (D:11)
  7 deep elf archers
  An orb spider (Spider:4)
  A wolf spider (Spider:4)
  A phantasmal warrior (Vaults:5)
  3 deep elf magi
  A moth of wrath (Spider:3)
  2 hornets (Spider:4)
  2 ugly things
  An orc sorcerer (Orc:2)
  2 elephants (Lair:5)
  A vault sentinel (Vaults:1)
  A komodo dragon (Slime:5)
  15 yaktaurs
  A freezing wraith (Vaults:3)
  A guardian mummy (Tomb:3)
  A troll (Orc:2)
  2 jumping spiders
  A two-headed ogre (Vaults:1)
  A hippogriff (Vaults:1)
  17 flying skulls
  2 spriggans
  7 redbacks
  A shadow (Swamp:2)
  An ushabti (Tomb:3)
  A tarantella (Slime:5)
  3 yaks (D:11)
  A human (Spider:2)
  A vampire mosquito (Swamp:2)
  7 orc warriors
  4 wasps
  An eye of draining (Spider:4)
  A sky beast (D:11)
  4 ogres
  A boggart (Vaults:3)
  2 killer bees
  An orc priest (Orc:2)
  Natasha (D:2)
  10 ball lightnings
  8 orcs
  2 briar patches (Swamp:1)
  3 bushes (Lair:5)
  A crawling corpse (Vaults:5)
  23 fungi
  66 plants
  7 starspawn tentacles
287 creatures vanquished.

Grand Total: 3613 creatures vanquished

Notes
Turn   | Place    | Note
-------+----------+-------------------------------------------
     0 | D:1      | TheGoonsmith the Hill Orc Monk began the quest for the Orb.
     0 | D:1      | Reached XP level 1. HP: 19/19 MP: 1/1
    31 | D:1      | Reached XP level 2. HP: 25/27 MP: 2/2
   259 | D:1      | Reached skill level 5 in Axes
   383 | D:1      | Reached XP level 3. HP: 29/33 MP: 3/3
  1159 | D:2      | Found a glowing silver altar of Zin.
  1318 | D:2      | Found a deep blue altar of Sif Muna.
  1366 | D:2      | Reached XP level 4. HP: 40/40 MP: 4/4
  1401 | D:2      | Noticed Natasha
  1423 | D:2      | Killed Natasha
  1740 | D:2      | Noticed Natasha
  1759 | D:2      | Killed Natasha
  1785 | D:2      | Noticed Natasha
  1796 | D:2      | Killed Natasha
  1796 | D:2      | Reached XP level 5. HP: 19/47 MP: 5/5
  2300 | D:3      | Noticed Terence
  2342 | D:3      | Killed Terence
  2882 | D:4      | Found a staircase to the Ecumenical Temple.
  2917 | D:4      | Reached skill level 5 in Fighting
  2934 | Temple   | Entered the Ecumenical Temple
  2978 | Temple   | Became a worshipper of Nemelex Xobeh the Trickster
  2978 | Temple   | Received a gift from Nemelex Xobeh
  2978 | Temple   | Reached * piety under Nemelex Xobeh
  2978 | Temple   | Reached ** piety under Nemelex Xobeh
  3008 | D:4      | Noticed a phantom
  3025 | D:4      | Killed a phantom
  3025 | D:4      | Reached XP level 6. HP: 35/56 MP: 6/6
  3126 | D:4      | Noticed Ijyb
  3143 | D:4      | Killed Ijyb
  3257 | D:4      | Received a gift from Nemelex Xobeh
  3734 | D:5      | Entered Level 5 of the Dungeon
  3749 | D:5      | Reached XP level 7. HP: 63/63 MP: 7/7
  3881 | D:5      | Received a gift from Nemelex Xobeh
  3944 | D:5      | Noticed Sigmund
  3959 | D:5      | Killed Sigmund
  4324 | D:5      | Reached skill level 5 in Maces & Flails
  4342 | D:5      | Found an opulent altar of Gozag.
  4536 | D:5      | Reached XP level 8. HP: 68/73 MP: 8/8
  4557 | D:5      | Found a runed door.
  4718 | D:5      | Noticed Crazy Yiuf
  4726 | D:5      | Killed Crazy Yiuf
  4729 | D:5      | Got a scorched mace
  4730 | D:5      | Identified the +11 mace of Valyodev {antimagic, rPois Dex+3} (You found it on level 5 of the Dungeon)
  4999 | D:6      | Reached *** piety under Nemelex Xobeh
  5289 | D:6      | Noticed Menkaure
  5299 | D:5      | Killed Menkaure
  5474 | D:6      | Found a glowing golden altar of the Shining One.
  5600 | D:6      | Found a shadowy altar of Dithmenos.
  5771 | D:6      | Reached XP level 9. HP: 74/83 MP: 3/9
  5811 | D:7      | Gained mutation: Your muscles are strong. (Str +2) [potion of beneficial mutation]
  5812 | D:7      | Gained mutation: You are robust. (+10% HP) [potion of beneficial mutation]
  5827 | D:7      | Noticed PurpleRed's ghost (novice KoCj)
  5858 | D:7      | Killed PurpleRed's ghost
  6020 | D:7      | Received a gift from Nemelex Xobeh
  6657 | D:7      | Reached skill level 10 in Maces & Flails
  6691 | D:7      | Reached skill level 5 in Invocations
  7580 | D:8      | Received a gift from Nemelex Xobeh
  7715 | D:8      | Found an iron altar of Okawaru.
  7727 | D:8      | Reached XP level 10. HP: 89/100 MP: 7/14
  7770 | D:8      | Reached **** piety under Nemelex Xobeh
  8077 | D:9      | Received a gift from Nemelex Xobeh
  8084 | D:9      | Found a staircase to the Orcish Mines.
  8861 | D:9      | Found Sutiacs's Armour Emporium.
  8891 | D:10     | Entered Level 10 of the Dungeon
  8900 | D:10     | Noticed TheGoonsmith's ghost (novice VSFi)
  8929 | D:10     | Killed TheGoonsmith's ghost
  9011 | D:10     | Found a sacrificial altar of Ru.
  9128 | D:10     | Received a gift from Nemelex Xobeh
  9546 | D:11     | Noticed a purple ugly thing
  9578 | D:11     | Killed a purple ugly thing
  9582 | D:11     | Noticed a gargoyle
  9583 | D:11     | Found a staircase to the Lair.
  9873 | D:11     | Killed a gargoyle
 10201 | D:11     | Noticed a hill giant
 10211 | D:11     | Killed a hill giant
 10214 | D:11     | Reached XP level 11. HP: 54/106 MP: 5/17
 10526 | D:11     | Received a gift from Nemelex Xobeh
 10632 | D:11     | Noticed a centaur warrior
 10633 | D:11     | Noticed a hill giant
 10640 | D:11     | Killed a centaur warrior
 10669 | D:11     | Killed a hill giant
 11009 | D:9      | Bought the -2 hat of the Alchemist {rElec rPois rF+ rC+ rN+ MR+ rMut rCorr} for 566 gold pieces
 11065 | Lair:1   | Entered Level 1 of the Lair of Beasts
 11156 | Lair:1   | Noticed PurpleRed's ghost (novice OgBe)
 11168 | Lair:1   | Killed PurpleRed's ghost
 11384 | Lair:1   | Reached skill level 1 in Armour
 11384 | Lair:1   | Reached skill level 10 in Invocations
 11401 | Lair:1   | Reached skill level 2 in Armour
 11610 | Lair:1   | Reached skill level 3 in Armour
 11891 | Lair:1   | Received a gift from Nemelex Xobeh
 11923 | Lair:1   | Reached skill level 4 in Armour
 12008 | Lair:1   | Reached ***** piety under Nemelex Xobeh
 12145 | Lair:2   | Found a basalt altar of Yredelemnul.
 12162 | Lair:2   | Reached skill level 5 in Armour
 12472 | Lair:2   | Found a staircase to the Swamp.
 12479 | Lair:2   | Noticed a five-headed hydra
 12482 | Lair:2   | Noticed a hornet
 12484 | Lair:2   | Noticed a death yak
 12485 | Lair:2   | Noticed a death yak
 12485 | Lair:2   | Noticed a death yak
 12485 | Lair:2   | Killed a five-headed hydra
 12485 | Lair:2   | Reached XP level 12. HP: 34/114 MP: 6/20
 12486 | Lair:2   | HP: 5/114 [hornet[the player character] (8)]
 12861 | Lair:1   | Killed a death yak
 12861 | Lair:1   | Reached skill level 6 in Armour
 12987 | Lair:2   | Found a hole to the Spider Nest.
 13112 | Lair:2   | Received a gift from Nemelex Xobeh
 13336 | Lair:2   | Got a glittering platinum ring
 13624 | Lair:2   | Noticed a death yak
 13624 | Lair:2   | Noticed a death yak
 13626 | Lair:2   | Noticed a death yak
 13636 | Lair:2   | Killed a death yak
 13638 | Lair:2   | Killed a death yak
 13638 | Lair:2   | Killed a death yak
 13640 | Lair:2   | Killed a death yak
 13641 | Lair:2   | Killed a death yak
 14420 | Lair:3   | Found a labyrinth entrance.
 14442 | Lab      | Entered a labyrinth
 14565 | Lab      | Reached skill level 5 in Dodging
 14933 | Lab      | Received a gift from Nemelex Xobeh
 15020 | Lab      | HP: 5/114 [basilisk (7)]
 15366 | Lab      | Found an exit through the horrors of the Abyss.
 15708 | Lab      | Reached XP level 13. HP: 101/123 MP: 7/23
 15781 | Lab      | Noticed a minotaur
 15790 | Lab      | Killed a minotaur
 15980 | Lab      | Identified Sif Muna's Compendium of Orientation
 16086 | Lair:1   | Identified the ring of Bodily Harmony {+Fly rPois MP-9 Int+7} (You found it on level 2 of the Lair of Beasts)
 16109 | Lair:1   | Identified a +0 rod of clouds (14/14) (You took it off a minotaur in a labyrinth)
 16223 | Lair:3   | Reached skill level 10 in Fighting
 16973 | Lair:3   | Received a gift from Nemelex Xobeh
 17010 | Lair:3   | Reached skill level 7 in Armour
 17649 | Lair:4   | Reached skill level 8 in Armour
 17984 | Lair:4   | Reached skill level 9 in Armour
 18086 | Lair:4   | Received a gift from Nemelex Xobeh
 18261 | Lair:4   | Received a gift from Nemelex Xobeh
 18414 | Lair:4   | Reached ****** piety under Nemelex Xobeh
 18682 | Lair:5   | Received a gift from Nemelex Xobeh
 18723 | Lair:5   | Found a viscous altar of Jiyva.
 18723 | Lair:5   | Found a staircase to the Slime Pits.
 18868 | Lair:5   | Reached skill level 10 in Armour
 19157 | Lair:5   | Received a gift from Nemelex Xobeh
 19307 | Lair:5   | Reached skill level 11 in Armour
 20417 | Lair:5   | Reached XP level 14. HP: 98/136 MP: 8/24
 20600 | Lair:5   | Reached skill level 1 in Shields
 20726 | Lair:6   | Entered Level 6 of the Lair of Beasts
 21032 | Lair:6   | Noticed a storm dragon
 21032 | Lair:6   | a death yak changed into a storm dragon
 21032 | Lair:6   | Noticed an entropy weaver
 21032 | Lair:6   | a death yak changed into an entropy weaver
 21034 | Lair:6   | a storm dragon changed into a shining eye
 21034 | Lair:6   | an entropy weaver changed into a mana viper
 21735 | Lair:6   | Received a gift from Nemelex Xobeh
 23401 | Orc:1    | Entered Level 1 of the Orcish Mines
 23404 | Orc:1    | Found a roughly hewn altar of Beogh.
 23422 | Orc:1    | Found Biats's Weapon Shop.
 23427 | Orc:1    | Received a gift from Nemelex Xobeh
 23559 | Orc:2    | Entered Level 2 of the Orcish Mines
 23559 | Orc:2    | Noticed a stone giant
 23576 | Orc:2    | Killed a stone giant
 23576 | Orc:2    | Reached skill level 15 in Fighting
 23586 | Orc:2    | Found a frozen archway.
 23592 | IceCv    | Entered an ice cave
 23607 | IceCv    | Reached XP level 15. HP: 72/155 MP: 8/25
 23855 | IceCv    | Got a steaming halberd
 23856 | IceCv    | Identified the +6 halberd of Infection {freeze, MR+ Dex+4} (You found it in an ice cave)
 23905 | Orc:2    | Found Nutu's Jewellery Shoppe.
 24285 | Orc:1    | Noticed Fannar
 24316 | Orc:1    | Killed Fannar
 24577 | Orc:1    | Received a gift from Nemelex Xobeh
 24747 | Orc:2    | Found a staircase to the Elven Halls.
 24747 | Orc:2    | Found Segamm's Antique Armour Emporium.
 24770 | Orc:2    | Noticed an orc warlord
 25127 | Orc:2    | Found Omack's General Store.
 25206 | Orc:2    | Killed an orc warlord
 25342 | Orc:2    | Found a roughly hewn altar of Beogh.
 25346 | Orc:2    | Received a gift from Nemelex Xobeh
 25602 | Orc:2    | Found Raaluf's Antique Weapon Boutique.
 25740 | Orc:2    | Bought a translucent plate armour for 812 gold pieces
 25742 | Orc:2    | Identified the cursed +0 plate armour of the Mutiny {+Fly rElec rF+} (You bought it in a shop on level 2 of the Orcish Mines)
 25746 | Orc:2    | Bought an ancient plate armour for 812 gold pieces
 25759 | Orc:2    | Identified the +0 plate armour of Infinity {rElec Int+3 Stlth+} (You bought it in a shop on level 2 of the Orcish Mines)
 25781 | Orc:2    | Bought a runed cloak for 130 gold pieces
 25897 | D:11     | Noticed Snorg
 25914 | D:11     | Killed Snorg
 26379 | D:12     | Received a gift from Nemelex Xobeh
 26437 | D:12     | Reached skill level 12 in Armour
 26508 | D:12     | Found Tafriqal's Antique Weapon Boutique.
 26829 | D:13     | Got a dazzling plate armour
 26870 | D:13     | Identified the +9 plate armour of the Sun {rC+ Str+4 Slay+2} (You found it on level 13 of the Dungeon)
 27152 | D:13     | Received a gift from Nemelex Xobeh
 27281 | D:13     | Noticed Erolcha
 27287 | D:13     | Killed Erolcha
 27287 | D:13     | Reached skill level 13 in Armour
 27532 | D:13     | Found a gate to the Vaults.
 27764 | D:14     | Received a gift from Nemelex Xobeh
 27921 | D:14     | Reached skill level 14 in Armour
 28167 | D:14     | Reached XP level 16. HP: 118/167 MP: 8/26
 28311 | D:15     | Entered Level 15 of the Dungeon
 28311 | D:15     | Received a gift from Nemelex Xobeh
 28507 | D:15     | Found a hazy altar of Hepliaklqana.
 28615 | D:15     | Found a staircase to the Depths.
 28684 | D:15     | Found Jouhees's Weapon Emporium.
 28712 | D:15     | Received a gift from Nemelex Xobeh
 29313 | Spider:1 | Entered Level 1 of the Spider Nest
 29347 | Lair:2   | HP: 8/167 [emperor scorpion (4)]
 30977 | Spider:1 | Received a gift from Nemelex Xobeh
 31164 | Spider:1 | Received a gift from Nemelex Xobeh
 31305 | Spider:1 | Reached skill level 10 in Dodging
 31642 | Spider:2 | Noticed Agnes
 31653 | Spider:2 | Killed Agnes
 31723 | Spider:2 | Noticed Kirke
 31725 | Spider:2 | Reached skill level 15 in Invocations
 31743 | Spider:2 | Killed Kirke
 32019 | Spider:2 | Noticed Arachne
 32033 | Spider:2 | Killed Arachne
 32965 | Spider:3 | Received a gift from Nemelex Xobeh
 32965 | Spider:3 | Noticed Aizul
 32969 | Spider:3 | Reached XP level 17. HP: 166/176 MP: 9/29
 32997 | Spider:2 | Killed Aizul
 34242 | Spider:4 | Entered Level 4 of the Spider Nest
 34452 | Spider:4 | Gained mutation: You are dopey. (Int -2) [a Zot trap]
 36048 | Spider:4 | Received a gift from Nemelex Xobeh
 36175 | Spider:4 | Got a gossamer rune of Zot
 36404 | Swamp:1  | Entered Level 1 of the Swamp
 36503 | Swamp:1  | Reached XP level 18. HP: 178/184 MP: 10/32
 36534 | Swamp:1  | Received a gift from Nemelex Xobeh
 36720 | Swamp:1  | Noticed Donald
 36743 | Swamp:1  | Killed Donald
 37183 | Swamp:2  | Noticed Jorgrun
 37185 | Swamp:2  | XOM: summons 1 hostile demon
 37186 | Swamp:2  | Reached skill level 5 in Shields
 37198 | Swamp:2  | Killed Jorgrun
 37322 | Swamp:2  | Received a gift from Nemelex Xobeh
 37923 | Swamp:3  | Received a gift from Nemelex Xobeh
 39110 | Swamp:4  | Entered Level 4 of the Swamp
 39393 | Swamp:4  | Reached skill level 10 in Shields
 39920 | Swamp:4  | Noticed the 27-headed Lernaean hydra
 39930 | Swamp:4  | Killed the 27-headed Lernaean hydra
 40018 | Swamp:4  | Got a dazzling great sword
 40149 | Swamp:4  | Identified the +7 great sword of the Purple Skies {holy, Stlth+} (You found it on level 4 of the Swamp)
 40210 | Swamp:4  | Got a decaying rune of Zot
 40628 | Vaults:1 | Entered Level 1 of the Vaults
 40864 | Vaults:1 | Reached XP level 19. HP: 126/191 MP: 11/33
 41078 | Vaults:1 | Received a gift from Nemelex Xobeh
 41913 | Vaults:1 | Received a gift from Nemelex Xobeh
 41968 | Vaults:1 | Noticed Nikola
 42038 | Vaults:1 | Killed Nikola
 42306 | Vaults:1 | Received a gift from Nemelex Xobeh
 42597 | Vaults:2 | Reached skill level 15 in Shields
 42904 | Vaults:2 | Reached skill level 15 in Armour
 43012 | Vaults:2 | Received a gift from Nemelex Xobeh
 43133 | Vaults:2 | Noticed Frederick
 43157 | Vaults:2 | Killed Frederick
 44648 | Vaults:2 | Identified a scroll of acquirement
 44702 | Vaults:3 | Found Symoople's Distillery.
 44724 | Vaults:3 | Bought a potion of haste for 220 gold pieces
 44724 | Vaults:3 | Bought a potion of heal wounds for 110 gold pieces
 44724 | Vaults:3 | Bought a potion of agility for 88 gold pieces
 44764 | Vaults:3 | Found Dacex's Food Boutique.
 44886 | Vaults:3 | Received a gift from Nemelex Xobeh
 44902 | Vaults:3 | Reached skill level 15 in Maces & Flails
 44948 | Vaults:3 | Reached XP level 20. HP: 87/202 MP: 22/34
 45289 | Vaults:3 | Found Siqioj's General Store.
 45293 | Vaults:3 | Bought a scroll of blinking for 112 gold pieces
 45311 | Vaults:3 | Found a staircase to the Crypt.
 45727 | Vaults:3 | Got a shimmering platinum ring
 45729 | Vaults:3 | Identified the ring of Xerisov {+Blink Dex+3} (You found it on level 3 of the Vaults)
 46014 | Vaults:3 | Found Xouneluyj's Armour Shoppe.
 46140 | Vaults:3 | Received a gift from Nemelex Xobeh
 46467 | Vaults:4 | Reached skill level 16 in Armour
 46492 | Vaults:4 | Received a gift from Nemelex Xobeh
 46687 | Vaults:4 | Noticed Bai Suzhen
 46693 | Vaults:4 | Noticed Bai Suzhen
 46693 | Vaults:4 | Bai Suzhen changed into Bai Suzhen the hellephant
 46703 | Vaults:4 | Killed Bai Suzhen the hellephant
 46788 | Vaults:4 | Received a gift from Nemelex Xobeh
 47104 | Vaults:4 | Noticed Margery
 47140 | Vaults:4 | Killed Margery
 47149 | Vaults:4 | Reached XP level 21. HP: 62/212 MP: 12/35
 47162 | Vaults:4 | Reached skill level 17 in Armour
 47523 | Vaults:4 | Found Riemas's Book Boutique.
 48591 | Depths:1 | Entered Level 1 of the Depths
 48591 | Depths:1 | Noticed Asterion
 48616 | D:15     | Killed Asterion
 48918 | Depths:1 | Received a gift from Nemelex Xobeh
 49148 | Depths:1 | Found a gateway to Hell.
 49928 | Depths:2 | Noticed Saint Roka
 49943 | Depths:2 | Reached skill level 18 in Armour
 49966 | Depths:2 | Killed Saint Roka
 50434 | Depths:2 | Received a gift from Nemelex Xobeh
 50765 | Depths:2 | Reached XP level 22. HP: 223/224 MP: 24/37
 51291 | Depths:3 | Found a one-way gate leading to the halls of Pandemonium.
 51345 | Depths:3 | Found Solereis's Assorted Antiques.
 51348 | Depths:3 | Noticed Mara
 51358 | Depths:3 | Noticed TheGoonsmith's illusion
 51380 | Depths:3 | Noticed TheGoonsmith's illusion
 51396 | Depths:3 | Killed Mara
 51689 | Depths:3 | Bought a scroll of brand weapon for 480 gold pieces
 51689 | Depths:3 | Bought a scroll of teleportation for 72 gold pieces
 51706 | Depths:3 | Found a one-way gate to the infinite horrors of the Abyss.
 51744 | Depths:3 | Reached skill level 19 in Armour
 51757 | Depths:3 | Paralysed by a floating eye for 4 turns
 52097 | Depths:3 | Noticed a golden dragon
 52114 | Depths:3 | Killed a golden dragon
 52248 | Depths:3 | Received a gift from Nemelex Xobeh
 52313 | Depths:3 | Noticed a golden dragon
 52336 | Depths:3 | Killed a golden dragon
 52649 | Depths:3 | Noticed the Enchantress
 52664 | Depths:3 | Killed the Enchantress
 52692 | Depths:3 | Paralysed by a floating eye for 2 turns
 52698 | Depths:3 | Paralysed by a floating eye for 3 turns
 52708 | Depths:3 | Reached XP level 23. HP: 124/234 MP: 22/38
 53271 | Depths:4 | Received a gift from Nemelex Xobeh
 53364 | Depths:4 | Reached skill level 20 in Armour
 54725 | Depths:5 | Entered Level 5 of the Depths
 54787 | Depths:5 | Found a gateway to a ziggurat.
 54796 | Depths:5 | Found Mediacw's Antique Armour Shop.
 54813 | Depths:5 | Bought a heavily runed buckler for 361 gold pieces
 54813 | Depths:5 | Bought a heavily runed chain mail for 361 gold pieces
 54832 | Depths:5 | Noticed Mennas
 54902 | Depths:5 | Killed Mennas
 54958 | Depths:4 | Identified the cursed -4 buckler of Plog {rCorr} (You bought it in a shop on level 5 of the Depths)
 54980 | Depths:4 | Identified the +0 chain mail of Poor Excuses {-Tele MR++ Int+7} (You bought it in a shop on level 5 of the Depths)
 54995 | Depths:5 | Received a gift from Nemelex Xobeh
 55048 | Depths:5 | Found a shattered altar of Ashenzari.
 55779 | Depths:5 | Received a gift from Nemelex Xobeh
 55895 | Depths:5 | Noticed a golden dragon
 55910 | Depths:5 | Killed a golden dragon
 55910 | Depths:5 | Reached skill level 21 in Armour
 56395 | Depths:5 | Paralysed by a floating eye for 2 turns
 56398 | Depths:5 | Noticed a juggernaut
 56408 | Depths:5 | Paralysed by a floating eye for 2 turns
 56424 | Depths:5 | Killed a juggernaut
 56424 | Depths:5 | Reached XP level 24. HP: 202/246 MP: 36/38
 56497 | Depths:5 | Found a gate to the Realm of Zot.
 56694 | Depths:5 | Found Wupsoly's Food Shop.
 56820 | Depths:5 | Noticed Jory
 56859 | Depths:5 | Killed Jory
 56912 | Depths:5 | Found Etag's Book Boutique.
 57664 | Elf:1    | Entered Level 1 of the Elven Halls
 57739 | Elf:1    | Received a gift from Nemelex Xobeh
 57956 | Elf:1    | Found Lottuy's Food Shoppe.
 57999 | Elf:1    | Received a gift from Nemelex Xobeh
 58190 | Elf:1    | Identified Sif Muna's Guide on the Escort
 58710 | Elf:1    | Received a gift from Nemelex Xobeh
 58821 | Elf:2    | Found a runed gate.
 58821 | Elf:2    | Found a runed gate.
 58821 | Elf:2    | Found a runed gate.
 58876 | Elf:2    | Gained mutation: Your body sometimes deteriorates upon taking damage. [a neqoxec]
 58891 | Elf:2    | Gained mutation: You are very dopey. (Int -4) [a neqoxec]
 59168 | Elf:2    | Noticed Azrael
 59188 | Elf:2    | Killed Azrael
 59700 | Elf:2    | Reached skill level 22 in Armour
 59813 | Elf:2    | Received a gift from Nemelex Xobeh
 60001 | Elf:3    | Entered Level 3 of the Elven Halls
 60175 | Elf:3    | Received a gift from Nemelex Xobeh
 60210 | Elf:3    | Learned a level 5 spell: Silence
 60217 | Elf:3    | Learned a level 6 spell: Deflect Missiles
 60266 | Elf:3    | Found Yvaaq's Armour Shoppe.
 60275 | Elf:3    | Found Hinaun's Distillery.
 60296 | Elf:3    | Bought a potion of curing for 51 gold pieces
 60296 | Elf:3    | Bought 2 potions of heal wounds for 170 gold pieces
 60296 | Elf:3    | Bought a potion of curing for 51 gold pieces
 60296 | Elf:3    | Bought a potion of curing for 51 gold pieces
 60296 | Elf:3    | Bought a potion of haste for 170 gold pieces
 60296 | Elf:3    | Bought a potion of curing for 51 gold pieces
 60296 | Elf:3    | Bought a potion of agility for 68 gold pieces
 60332 | Elf:3    | Found Xeunnuim's Antique Weapon Boutique.
 60592 | Elf:3    | Reached XP level 25. HP: 189/258 MP: 34/39
 60760 | Elf:3    | Got a glittering ruby amulet
 60761 | Elf:3    | Identified the amulet "Adof" {Harm *Drain +Fly rN+ Str+3 Int-5} (You found it on level 3 of the Elven Halls)
 60764 | Elf:3    | Got a bloodstained bardiche
 60765 | Elf:3    | Identified the cursed +3 bardiche "Erroatyira" {chop, rC++} (You found it on level 3 of the Elven Halls)
 61319 | Elf:3    | Got a warped emerald amulet
 61324 | Elf:3    | Identified the amulet "Uzuir" {Gourm rElec rPois rC- MR++} (You took it off a deep elf elementalist on level 3 of the Elven Halls)
 61359 | Elf:3    | Got a bound platinum ring
 61360 | Elf:3    | Identified the ring "Uxu Reit" {rPois EV+3 Dex+5 Slay+2 Stlth-} (You found it on level 3 of the Elven Halls)
 61493 | Elf:3    | Identified Sif Muna's Grimoire of Venom
 62392 | Crypt:1  | Entered Level 1 of the Crypt
 62489 | Crypt:1  | Received a gift from Nemelex Xobeh
 62741 | Crypt:1  | Noticed Sojobo
 62760 | Crypt:1  | Reached skill level 10 in Axes
 62780 | Crypt:1  | Killed Sojobo
 63101 | Crypt:1  | Learned a level 2 spell: Blink
 63104 | Crypt:1  | Learned a level 2 spell: Repel Missiles
 63350 | Crypt:2  | Received a gift from Nemelex Xobeh
 63554 | Crypt:2  | Found a magical portal.
 63576 | WizLab   | Entered Iskenderun's Mystic Tower
 64462 | WizLab   | Identified the Handbook of the Mutagenic Rocks
 64462 | WizLab   | Identified Further Steps in the Arcane Arts
 64490 | WizLab   | Identified Iskenderun's Almanac of Combat Magic
 64490 | WizLab   | Identified Iskenderun's Catalogue of Attacks
 64722 | Vaults:5 | Entered Level 5 of the Vaults
 64756 | Vaults:5 | Reached XP level 26. HP: 243/268 MP: 16/39
 64780 | Vaults:5 | Noticed an ancient lich
 64816 | Vaults:5 | Killed an ancient lich
 64817 | Vaults:5 | Reached skill level 23 in Armour
 64825 | Vaults:4 | Reached skill level 15 in Dodging
 65176 | Vaults:5 | Noticed an ancient lich
 65188 | Vaults:5 | Killed an ancient lich
 65748 | Vaults:5 | Received a gift from Nemelex Xobeh
 65940 | Vaults:5 | Reached XP level 27. HP: 119/281 MP: 17/39
 65998 | Vaults:5 | Noticed an ancient lich
 66011 | Vaults:5 | Killed an ancient lich
 66194 | Vaults:5 | Received a gift from Nemelex Xobeh
 66336 | Vaults:5 | Got a silver rune of Zot
 66842 | Vaults:5 | Received a gift from Nemelex Xobeh
 67459 | Slime:1  | Entered Level 1 of the Pits of Slime
 68085 | Slime:5  | Entered Level 5 of the Pits of Slime
 68164 | Slime:5  | Noticed the Royal Jelly
 68171 | Slime:5  | Noticed a titan shaped Royal Jelly
 68171 | Slime:5  | the Royal Jelly changed into a titan shaped Royal Jelly
 68171 | Slime:5  | Noticed an azure jelly shaped Royal Jelly
 68171 | Slime:5  | a titan shaped Royal Jelly changed into an azure jelly shaped Royal Jelly
 68171 | Slime:5  | Killed an azure jelly shaped Royal Jelly
 68710 | Slime:5  | Received a gift from Nemelex Xobeh
 68802 | Slime:5  | Reached skill level 24 in Armour
 69199 | Slime:5  | Got a sparkling lapis lazuli ring
 69226 | Slime:5  | Got a smoking granite ring
 69296 | Slime:5  | Got a bound sapphire amulet
 69300 | Slime:5  | Got a slimy rune of Zot
 69331 | Slime:5  | Got a faintly glowing brass ring
 69333 | Slime:5  | Identified the ring "Cisk" {+Fly rElec EV+1 Int-3 SInv} (You found it on level 5 of the Pits of Slime)
 69334 | Slime:5  | Identified the ring of Henotheism {*Contam rPois rC- Str+9 Int+4} (You found it on level 5 of the Pits of Slime)
 69335 | Slime:5  | Identified the ring of Elitism {rElec rC+} (You found it on level 5 of the Pits of Slime)
 69336 | Slime:5  | Identified the amulet of Tagrik {Inacc *Drain rPois Int+8 SInv} (You found it on level 5 of the Pits of Slime)
 69342 | Slime:5  | Got an ancient arbalest
 69343 | Slime:5  | Identified the +10 arbalest "Joekiutry" {penet, rN+} (You found it on level 5 of the Pits of Slime)
 69811 | Depths:5 | Bought an agate-studded gold dragon armour for 2850 gold pieces
 69814 | Depths:5 | Identified the cursed +1 gold dragon armour of Becseer {*Corrode +Blink rPois rF+ rC+ MR+++ Regen+} (You bought it in a shop on level 5 of the Depths)
 71584 | Lair:1   | Lost mutation: Your body sometimes deteriorates upon taking damage. [potion of cure mutation]
 71584 | Lair:1   | Lost mutation: You are robust. (+10% HP) [potion of cure mutation]
 71584 | Lair:1   | Lost mutation: You are very dopey. (Int -4) [potion of cure mutation]
 71585 | Lair:1   | Lost mutation: You are dopey. (Int -2) [potion of cure mutation]
 71585 | Lair:1   | Lost mutation: Your muscles are strong. (Str +2) [potion of cure mutation]
 71849 | Vaults:3 | Bought a potion of cure mutation for 550 gold pieces
 71849 | Vaults:3 | Bought 2 potions of flight for 132 gold pieces
 72302 | Depths:3 | Voluntarily entered the Abyss.
 72316 | Abyss:1  | Received a gift from Nemelex Xobeh
 72316 | Abyss:1  | Received a gift from Nemelex Xobeh
 72370 | Abyss:1  | Reached skill level 1 in Long Blades
 72484 | Abyss:3  | Found a corrupted altar of Lugonu.
 72692 | Abyss:3  | Paralysed by accursed screaming for 2 turns
 72708 | Abyss:4  | Noticed an ancient lich
 72725 | Abyss:4  | Reached skill level 5 in Long Blades
 72733 | Abyss:4  | Found a corrupted altar of Lugonu.
 72743 | Abyss:4  | Identified the Grimoire of Battle Magic
 73008 | Abyss:5  | Entered Level 5 of the Abyss
 73107 | Abyss:5  | Received a gift from Nemelex Xobeh
 73145 | Abyss:5  | Reached skill level 10 in Long Blades
 73298 | Abyss:5  | Got an abyssal rune of Zot
 73315 | Depths:3 | Escaped the Abyss
 73953 | D:6      | Fell from the grace of Nemelex Xobeh
 73953 | D:6      | Became a worshipper of the Shining One
 74106 | Lair:1   | Got a transparent tin amulet
 74107 | Lair:1   | Identified the amulet of Woseuqek {Harm *Drain MR++ Str-2 Dex+6} (You acquired it on level 1 of the Lair of Beasts)
 77974 | Crypt:2  | Reached * piety under the Shining One
 78896 | Crypt:1  | Reached ** piety under the Shining One
 78992 | Crypt:2  | Noticed a greater mummy
 79009 | Crypt:2  | Killed a greater mummy
 79023 | Crypt:2  | Noticed a greater mummy
 79024 | Crypt:2  | Noticed Khufu
 79502 | Crypt:2  | Killed Khufu
 79510 | Crypt:2  | Killed a greater mummy
 79529 | Crypt:2  | Noticed a greater mummy
 79774 | Crypt:2  | Killed a greater mummy
 79950 | Crypt:1  | Reached *** piety under the Shining One
 79988 | Crypt:3  | Entered Level 3 of the Crypt
 80164 | Crypt:3  | Reached skill level 1 in Crossbows
 80196 | Crypt:3  | Reached **** piety under the Shining One
 80364 | Crypt:3  | Found a staircase to the Tomb.
 80372 | Crypt:3  | Reached ***** piety under the Shining One
 80518 | Crypt:3  | Reached ****** piety under the Shining One
 80550 | Crypt:3  | Found a basalt altar of Yredelemnul.
 80849 | Crypt:3  | Found a basalt altar of Yredelemnul.
 81200 | Crypt:3  | Reached skill level 5 in Crossbows
 81211 | Crypt:3  | Reached skill level 25 in Armour
 82344 | Tomb:1   | Entered Level 1 of the Tomb of the Ancients
 82882 | Tomb:1   | Noticed a greater mummy
 83352 | Tomb:1   | Killed a greater mummy
 83615 | Tomb:1   | Reached skill level 26 in Armour
 84118 | Tomb:2   | Noticed a greater mummy
 84118 | Tomb:2   | Noticed a greater mummy
 84160 | Tomb:2   | Noticed a greater mummy
 84758 | Tomb:1   | Killed a greater mummy
 85124 | Tomb:2   | Noticed a greater mummy
 85142 | Tomb:1   | Killed a greater mummy
 85530 | Tomb:1   | Killed a greater mummy
 86027 | Tomb:1   | Killed a greater mummy
 86978 | Tomb:1   | Noticed a greater mummy
 86979 | Tomb:1   | Noticed a greater mummy
 86981 | Tomb:1   | Noticed a greater mummy
 86995 | Tomb:2   | Killed a greater mummy
 87193 | Tomb:1   | Noticed a greater mummy
 87196 | Tomb:1   | Noticed a greater mummy
 87200 | Tomb:1   | Noticed a greater mummy
 87212 | Tomb:1   | Noticed a greater mummy
 87224 | Tomb:2   | HP: 10/258 [greater mummy/divine providence (14)]
 87685 | Tomb:1   | Killed a greater mummy
 87685 | Tomb:1   | Reached skill level 10 in Crossbows
 88133 | Tomb:2   | Killed a greater mummy
 88390 | Tomb:2   | Killed a greater mummy
 88699 | Tomb:1   | Killed a greater mummy
 88711 | Tomb:1   | Noticed a greater mummy
 88724 | Tomb:1   | Killed a greater mummy
 88724 | Tomb:1   | Reached skill level 27 in Armour
 88828 | Tomb:1   | Noticed a greater mummy
 88842 | Tomb:1   | Killed a greater mummy
 88845 | Tomb:1   | Noticed a greater mummy
 88846 | Tomb:1   | Noticed a greater mummy
 88867 | Tomb:1   | Killed a greater mummy
 88875 | Tomb:1   | Killed a greater mummy
 88913 | Tomb:1   | Noticed a greater mummy
 88935 | Tomb:1   | Killed a greater mummy
 89354 | Tomb:1   | Noticed a greater mummy
 89372 | Tomb:1   | Killed a greater mummy
 89394 | Tomb:1   | Killed a greater mummy
 89429 | Tomb:1   | Killed a greater mummy
 89818 | Tomb:1   | Noticed a greater mummy
 89840 | Tomb:1   | Killed a greater mummy
 90043 | Tomb:1   | Noticed a greater mummy
 90044 | Tomb:1   | Noticed a greater mummy
 90420 | Tomb:1   | Killed a greater mummy
 90438 | Tomb:1   | Killed a greater mummy
 90502 | Tomb:1   | Noticed a greater mummy
 90521 | Tomb:1   | Killed a greater mummy
 90541 | Tomb:1   | Noticed a greater mummy
 90560 | Tomb:1   | Killed a greater mummy
 90744 | Tomb:1   | Was forgiven by Nemelex Xobeh
 90877 | Tomb:1   | Noticed a greater mummy
 90892 | Tomb:1   | Killed a greater mummy
 90897 | Tomb:1   | Noticed a greater mummy
 90914 | Tomb:1   | Noticed a greater mummy
 90919 | Tomb:1   | Killed a greater mummy
 90937 | Tomb:1   | Killed a greater mummy
 91236 | Tomb:1   | Noticed a greater mummy
 91250 | Tomb:1   | Killed a greater mummy
 91605 | Tomb:3   | Entered Level 3 of the Tomb of the Ancients
 91634 | Tomb:3   | Reached skill level 15 in Crossbows
 91654 | Tomb:3   | Noticed a greater mummy
 91656 | Tomb:3   | Noticed a greater mummy
 92020 | Tomb:2   | Killed a greater mummy
 93081 | Tomb:3   | Killed a greater mummy
 93380 | Tomb:3   | Noticed a greater mummy
 93683 | Tomb:2   | Killed a greater mummy
 94103 | Tomb:3   | Noticed a greater mummy
 94109 | Tomb:3   | Noticed a greater mummy
 94124 | Tomb:3   | Killed a greater mummy
 94125 | Tomb:3   | Killed a greater mummy
 94145 | Tomb:3   | Noticed a greater mummy
 94416 | Tomb:3   | Noticed a greater mummy
 94423 | Tomb:3   | Killed a greater mummy
 94432 | Tomb:3   | Killed a greater mummy
 94616 | Tomb:3   | Noticed a greater mummy
 94617 | Tomb:3   | Noticed a greater mummy
 94742 | Tomb:2   | Killed a greater mummy
 95403 | Tomb:3   | Killed a greater mummy
 95555 | Tomb:3   | Identified the Tome of Ensnaring Confrontation
 95557 | Tomb:3   | Identified Reprier's Papyrus of Lucky Darkness
 95573 | Tomb:3   | Got a steaming turquoise ring
 95576 | Tomb:3   | Got a pair of distressingly furry boots
 95624 | Tomb:3   | Got a golden rune of Zot
 96166 | Tomb:3   | Identified the +1 pair of boots of Bibruum {rN+++ Int-3} (You found it on level 3 of the Tomb of the Ancients)
 96177 | Tomb:3   | Identified the ring of Reimbursement {*Drain MR+ AC+4 Int+2 Dex+2} (You found it on level 3 of the Tomb of the Ancients)
 96906 | Lair:1   | Learned a level 6 spell: Haste
 97058 | Pan      | Entered Pandemonium
 97108 | Pan      | Found an exit through the horrors of the Abyss.
 97554 | Pan      | Noticed Xemi the pandemonium lord
 97587 | Pan      | Killed Xemi the pandemonium lord
 98152 | Pan      | Reached skill level 15 in Long Blades
 98170 | Pan      | Noticed Tegipil the pandemonium lord
 98180 | Pan      | Paralysed by a floating eye for 3 turns
 98182 | Pan      | Gained mutation: Scrolls take you a little longer to read. [a shining eye]
 98184 | Pan      | Killed Tegipil the pandemonium lord
 98516 | Pan      | Found an exit through the horrors of the Abyss.
 99042 | Pan      | Noticed Nedific the pandemonium lord
 99053 | Pan      | Killed Nedific the pandemonium lord
 99248 | Pan      | Found an exit through the horrors of the Abyss.
 99781 | Pan      | Reached skill level 1 in Spellcasting
 99781 | Pan      | Reached skill level 1 in Charms
 99841 | Pan      | Noticed Koas the pandemonium lord
 99884 | Pan      | Killed Koas the pandemonium lord
 99907 | Pan      | The Shining One protects you from harm!
100270 | Pan      | Found a runed door.
100288 | Pan      | Got a demonic rune of Zot
100825 | Pan      | Reached skill level 5 in Charms
101100 | Pan      | Found an exit through the horrors of the Abyss.
101497 | Pan      | Reached skill level 5 in Spellcasting
101721 | Pan      | HP: 10/258 [Hell Sentinel/damnation (25)]
101730 | Pan      | HP: 7/258 [Hell Sentinel/damnation (36)]
101731 | Pan      | Killed from afar by a Hell Sentinel

Vault maps used:
D:1:      erik_arrival_orb_chamber
D:2:      lemuel_round_altar, nicolae_overflow_crystal_walls,
          minmay_pentomino_o4, uniq_natasha
D:3:      minmay_misc_feat_doors, uniq_terence
D:4:      kennysheep_the_goblin_king, first_bread, grunt_ministairs_7
D:5:      lemuel_crystal_altar, uniq_sigmund, uniq_crazy_yiuf_cottage
D:6:      hangedman_cross_stitches, kennysheep_mini, tso_metal_star,
          uniq_menkaure
D:7:      kennysheep_generic_room_10
D:8:      okawaru_gym_becter
D:9:      orc_0_dummy, serial_shops, nicolae_shop_temple_entry_statues_fountains
D:10:     basic_altar
D:11:     erik_lair_orcish_takeover, grunt_ogre_cave, uniq_snorg
D:12:     serial_shops, kennysheep_mini_moat, minivault_25_ag,
          kennysheep_generic_room_9
D:13:     david_vaults_5, grunt_ministairs_1, small_chamber_with_monster,
          uniq_erolcha
D:14:     corexii_leaking_fountain
D:15:     grunt_enter_depths_snipers, minmay_misc_feat_more_columns,
          serial_shops, nicolae_shop_temple_entry_statues_fountains, basic_altar
Temple:   eino_wide_crystal_templ
Lair:2:   minmay_swamp_entry_eels, nicolae_spider_entry_orb_guardian,
          basic_altar, st_stairs_10, grunt_megastairs_5
Lair:3:   lab_entry_generic, grunt_megastairs_2
Lair:4:   grunt_forest_large_clearing_hut
Lair:5:   regret_index_wax_grids, dpeg_slime_entry_enclosed_altar,
          serial_forest, infiniplex_forest_end_2, infiniplex_forest_join,
          infiniplex_forest_clump_curved, infiniplex_forest_clump_double,
          infiniplex_forest_clump_curved, infiniplex_forest_end_2,
          beast_lair_carwin_4, lemuel_fruit_fields, infiniplex_staircase_pool_2
Lair:6:   hangedman_lair_in_review, guppyfry_lair_end_dragon,
          minmay_lair_drake_nest, serial_bayou_shore_b, lemuel_fruit_tree
Swamp:1:  evilmike_swamp_ruin_house_1, uniq_donald
Swamp:2:  nicolae_swamp_trees_clearing, infiniplex_staircase_pool, uniq_jorgrun
Swamp:3:  serial_swamp_ruin, evilmike_swamp_ruin_house_3,
          evilmike_swamp_ruin_rubble_1, hangedman_swamp_ruin_wall, swamp_pool4
Swamp:4:  grunt_swamp_rune_castle, swamp_pool4, grunt_lady_of_the_lake
Spider:1: nicolae_spider_shape
Spider:2: guppyfry_spider_mini_3, uniq_kirke, uniq_agnes, uniq_arachne
Spider:3: nicolae_orb_stairs, nicolae_spider_cling_halls, uniq_aizul
Spider:4: guppyfry_spider_rune
Slime:1:  basic_altar, cheibrodos_slime_lost_civilization_5
Slime:3:  cheibrodos_slime_lost_civilization_6
Orc:1:    basic_altar, serial_shops, shop, enter_bailey_3, uniq_fannar
Orc:2:    grunt_orc_gardens, grunt_orc_garden, grunt_orc_garden,
          grunt_orc_garden, grunt_orc_garden, portal_ice_cave_rime,
          special_room, bh_open_orc_temple
Elf:1:    elf_arrival_001, serial_shops, shop, minmay_elf_demonology
Elf:2:    uniq_azrael
Elf:3:    minmay_elf_hall_x, serial_shops, nicolae_shop_crystal, shop,
          nicolae_shop_crystal, grunt_ministairs_14,
          minmay_checkered_concentric_circles
Vaults:1: hangedman_vaults_locks, nicolae_vaults_border_crossing,
          ontoclasm_vaults_ligature, v_pattern_3, v_misc_8,
          nicolae_vaults_rhombus_5, nicolae_vaults_stairing_the_circle,
          grunt_vaults_hallway_short, ontoclasm_vaults_gateway, v_misc_14,
          uniq_nikola
Vaults:2: vaults_room_door_ring, nicolae_vaults_little_ls,
          vaults_room_grunt_arrival_ludios, nicolae_vaults_sealed_display,
          v_misc_25, nicolae_vaults_little_squares_6,
          nicolae_vaults_little_squares_3, vaults_room_corners, uniq_frederick
Vaults:3: vaults_room_stairs_pillars, hangedman_vaults_hat,
          nicolae_vaults_triangles, minmay_crypt_entry_simple_plaza,
          nicolae_vaults_network_quinsquares, nicolae_vaults_quartermaster,
          grunt_vaults_twisty, nicolae_vaults_little_squares_4, v_misc_4,
          vaults_dpeg_ring, ontoclasm_vaults_fault, ontoclasm_vaults_eye,
          serial_shops, shop, shop, nicolae_shop_waterfront, shop
Vaults:4: v_misc_33, minmay_guarded_unrand_secular_launcher, v_alt_pattern_2,
          v_misc_14, ontoclasm_vaults_pinch, v_pattern_1,
          nicolae_vaults_diagonal_hallway_8, hangedman_vaults_cutoff,
          grunt_vaults_hallway_long, serial_shops, shop, uniq_bai_suzhen,
          uniq_margery
Vaults:5: serial_shops
Crypt:1:  uniq_sojobo
Crypt:2:  ragdoll_tomb_raider, lightli_enter_wizlab_magi_temple
Crypt:3:  church_of_pain_bobbens, nicolae_tomb_entry_unfolded_pyramid_diagonal,
          lemuel_mausoleum_altar_yredelemnul
Depths:1: hangedman_abyss_or_decor_jellyfish_corner, pf_hell_entry_tar_spiral,
          lemuel_flamethrower_2, uniq_asterion
Depths:2: hangedman_crystal_crosses_colossus, hell_entry, uniq_saint_roka
Depths:3: cheibrodos_spurs, abyss_entry_crystal,
          hangedman_decor_clover_reticule, rand_demon_pan_entry_5, serial_shops,
          shop, hell_entry, serial_bayou_lake_a, uniq_enchantress, uniq_mara
Depths:4: four-leaf_vault, hell_entry, abyss_entry, kennysheep_generic_room_4,
          infiniplex_staircase_zigzag_2
Depths:5: grunt_zot_entry_gee_three, enter_ziggurat_a, evilmike_ruin_ashenzari,
          hell_entry, serial_shops, shop, nicolae_shop_window_shopping, shop,
          uniq_mennas, uniq_jory
Abyss:4:  hangedman_abyss_lost_library, nicolae_abyss_rune_left_handed
Abyss:5:  evilmike_abyss_exit_chaos, due_evilmike_abyss_rune_seething_liches
Pan:      rand_demon_3, evilmike_mini_pan_corridor, nicolae_pan_hourglass,
          regret_index_pan_draining_boxed, nicolae_pan_sick_transit
Lab:      labyrinth_spiral, labyrinth_fake_exit, lab_hedge,
          nicolae_lab_big_swirl, nicolae_lab_x, labyrinth_lava_lair,
          nicolae_lab_dead_end, nicolae_lab_swirl, nicolae_lab_checkerboard,
          nicolae_lab_blocks, nicolae_lab_plus, nicolae_lab_garden,
          nicolae_lab_quarters, labyrinth_skeletal_remains
IceCv:    ice_cave_statue_garden_teleport
WizLab:   wizlab_iskenderun

Skill      XL: |  1  2  3  4  5  6  7  8  9 10 11 12 13 14 15 16 17 18 19 20 21 22 23 24 25 26 27 |
---------------+----------------------------------------------------------------------------------+-----
Axes           | 5 6 7 14 | 14.5
Fighting       | 4 5 6 7 9 11 15 16 17 18 19 20 21 22 23 | 23.3
Maces & Flails | 2 3 5 8 10 13 15 | 15.6
Invocations    | 5 8 11 14 17 21 22 23 24 25 26 | 26.5
Armour         | 5 6 11 14 15 16 18 19 21 22 23 27 | 27.0
Dodging        | 5 7 10 11 12 13 14 15 16 | 16.1
Shields        | 4 12 15 | 15.0
Long Blades    | 17 | 17.2
Crossbows      | 18 | 18.4
Spellcasting   | 5 |  5.5
Charms         | 6 |  6.5
Stealth        | |  1.5

Action                   |  1- 3 |  4- 6 |  7- 9 | 10-12 | 13-15 | 16-18 | 19-21 | 22-24 | 25-27 || total
-------------------------+-------+-------+-------+-------+-------+-------+-------+-------+-------++-------
Melee: Hand axe          |   127 |   115 |       |       |       |       |       |       |       ||   242
       Whip              |       |    65 |    94 |       |       |       |       |       |       ||   159
       Mace              |       |       |   209 |   585 |  1792 |  1728 |   386 |       |       ||  4700
       Eveningstar       |       |       |       |       |       |       |  1188 |   263 |       ||  1451
       Demon whip        |       |       |       |       |       |       |       |  1953 |   136 ||  2089
       Broad axe         |       |       |       |       |       |       |       |       |  4320 ||  4320
 Fire: Arbalest          |       |       |       |       |       |       |       |       |   481 ||   481
Invok: Deal Four         |       |       |       |       |     1 |     4 |     4 |     2 |     5 ||    16
       Cleansing Flame   |       |       |       |       |       |       |       |       |    41 ||    41
       Summon Divine War |       |       |       |       |       |       |       |       |    11 ||    11
       Divine Shield     |       |       |       |       |       |       |       |       |     1 ||     1
Evoke: Deck              |       |       |     5 |    30 |    49 |    83 |    40 |    21 |     4 ||   232
       Sack of spiders   |       |       |       |       |     2 |       |       |       |       ||     2
       Wand              |       |       |       |       |       |       |     1 |       |    11 ||    12
       Fan of gales      |       |       |       |       |       |       |     1 |       |       ||     1
  Use: Potion            |       |     2 |     2 |     4 |       |     2 |       |     2 |    22 ||    34
       Scroll            |       |     7 |    12 |    13 |     9 |     9 |    16 |     9 |    32 ||   107
 Stab: Distracted        |     1 |       |       |     1 |     7 |     8 |     7 |     8 |     2 ||    34
       Invisible         |       |     8 |       |       |       |       |       |       |     1 ||     9
       Sleeping          |       |     2 |     1 |       |       |       |       |       |       ||     3
       Paralysed         |       |       |       |       |     1 |       |       |       |     2 ||     3
       Held in net/web   |       |       |       |       |       |     3 |       |       |       ||     3
       Petrified         |       |       |       |       |       |     6 |       |       |       ||     6
  Eat: Chunk             |     2 |     8 |     8 |    16 |    30 |    22 |    13 |    25 |    18 ||   142
       Meat ration       |       |       |     1 |       |     1 |     5 |     2 |     3 |     7 ||    19
       Bread ration      |       |       |       |     3 |     1 |       |       |       |    18 ||    22
       Beef jerky        |       |       |       |     2 |       |       |       |       |     2 ||     4
       Pizza             |       |       |       |     1 |     1 |     3 |       |     1 |     1 ||     7
       Royal jelly       |       |       |       |       |       |       |     1 |       |     5 ||     6
Armor: Robe              |    17 |       |       |       |       |       |       |       |       ||    17
       Scale mail        |    16 |    40 |    89 |   192 |     2 |       |       |       |       ||   339
       Plate armour      |       |       |       |       |  1011 |  1265 |   653 |   752 |   997 ||  4678
       Chain mail        |       |       |       |       |     1 |       |       |       |       ||     1
Dodge: Dodged            |    92 |    79 |   126 |   242 |   848 |  1102 |   553 |   703 |  1565 ||  5310
Block: Buckler           |       |       |       |       |   361 |   425 |       |       |       ||   786
       Shield            |       |       |       |       |       |   514 |  1236 |  1573 |  2578 ||  5901
       Reflection        |       |       |       |       |       |     9 |    64 |   114 |    85 ||   272
